 Dungeon Crawl Stone Soup version 0.31-a0-1529-g7bd419a0e5 (webtiles) character file.

Game seed: 18131913474744131010

26929 pokeman the Eclecticist (level 13, -11/72 HPs)
             Began as a Deep Elf Hedge Wizard on Dec 31, 2023.
             Was an Elder of Vehumet.
             Mangled by a two-headed ogre
             ... wielding a +0 dire flail
              (17 damage)
             ... on level 14 of the Dungeon.
             The game lasted 00:39:36 (16223 turns).

pokeman the Eclecticist (Deep Elf Hedge Wizard)    Turns: 16223, Time: 00:39:37

Health: -11/72     AC: 12    Str: 13    XL:     13   Next: 1%
Magic:  1/37       EV: 12    Int: 25    God:    Vehumet [****..]
Gold:   664        SH:  0    Dex: 14    Spells: 22/48 levels left

rFire   . . .        t - +1 short sword (drain)
rCold   . . .        (no shield)
rNeg    . . .        K - +0 acid dragon scales
rPois   .            f - +2 helmet
rElec   .            C - +0 cloak
rCorr   +            D - +0 pair of gloves
SInv    +            (no boots)
Will    +....        (no amulet)
Stlth   ++           g - +6 ring of strength
HPRegen 0.32/turn    P - ring of see invisible
MPRegen 0.25/turn

%: no passive effects
@: about to teleport, afraid
A: no striking features
a: Renounce Religion


You were on level 14 of the Dungeon.
You worshipped Vehumet.
Vehumet was greatly pleased with you.
You visited 2 branches of the dungeon, and saw 15 of its levels.

You collected 806 gold pieces.
You spent 142 gold pieces at shops.

Inventory:

Hand Weapons
 n - a +0 sling of freezing
 t - a +1 short sword of draining (weapon)
 B - a +4 quarterstaff of chaos
Missiles
 N - a curare-tipped dart
 R - a throwing net
Armour
 f - a +2 helmet (worn)
 C - a +0 cloak (worn)
 D - a +0 pair of gloves (worn)
 F - a +0 buckler
 K - +0 acid dragon scales (worn)
 Q - a +4 scale mail of cold resistance
Jewellery
 e - a +4 ring of protection
 g - a +6 ring of strength (left hand)
 A - a ring of resist corrosion
 M - a +6 ring of dexterity
 P - a ring of see invisible (right hand)
Wands
 z - a wand of polymorph (5)
 O - a wand of charming (9)
 S - a wand of flame (13)
 T - a wand of iceblast (2)
Scrolls
 a - a scroll of enchant weapon
 b - a scroll of brand weapon
 k - 4 scrolls of blinking
 l - 2 scrolls of poison
 m - 5 scrolls of enchant armour
 p - 5 scrolls of teleportation
 r - 3 scrolls of immolation
 x - 2 scrolls of amnesia {unknown}
 y - a scroll of vulnerability {unknown}
 H - 4 scrolls of fog {unknown}
 J - a scroll of silence {unknown}
 L - 2 scrolls of torment {unknown}
 U - a scroll of noise {unknown}
Potions
 c - a potion of heal wounds {unknown}
 d - a potion of magic
 h - a potion of enlightenment {unknown}
 i - 3 potions of curing {unknown}
 j - 3 potions of degeneration {unknown}
 o - 5 potions of haste {unknown}
 q - 7 potions of ambrosia
 s - 2 potions of cancellation {unknown}
 u - a potion of lignification {unknown}
 v - 3 potions of might {unknown}
 w - 2 potions of invisibility {unknown}
 E - 2 potions of brilliance {unknown}
 G - a potion of berserk rage {unknown}
 I - 3 potions of mutation {unknown}


   Skills:
 - Level 5.0 Fighting
 + Level 4.7 Armour
 - Level 3.0 Dodging
 - Level 3.2 Stealth
 - Level 4.0 Shields
 * Level 18.3 Spellcasting
 + Level 11.0 Conjurations
 - Level 1.1 Summonings
 - Level 1.1 Translocations
 + Level 2.0 Fire Magic
 - Level 1.2 Air Magic
 - Level 10.0 Earth Magic
 - Level 1.3 Alchemy
 - Level 1.1 Evocations


You had 22 spell levels left.
You knew the following spells:

 Your Spells              Type           Power      Damage    Failure   Level
a - Magic Dart            Conj           100%       1d8       1%          1
b - Mephitic Cloud        Conj/Alch/Air  45%        N/A       1%          3
c - Call Imp              Summ           56%        N/A       2%          2
d - Blink                 Tloc           56%        N/A       2%          2
e - Stone Arrow           Conj/Erth      100%       3d13      1%          3
f - Lee's Rapid Deconstr  Erth           32%        3d17*     1%          5
g - Bombard               Conj/Erth      33%        9d6       1%          6
h - Flame Wave            Conj/Fire      54%        2d13      1%          4

Your spell library contained the following spells:

 Spells                   Type           Power      Damage    Failure   Level
 Freeze                   Ice            88%        1d9       1%          1
 Sandblast                Erth           100%       2d20      1%          1
 Hailstorm                Conj/Ice       50%        3d10      1%          3
 Passwall                 Erth           65%        N/A       1%          3
 Brom's Barrelling Bould  Conj/Erth      66%        2d8       1%          4
 Frozen Ramparts          Ice            44%        1d7       2%          3
 Leda's Liquefaction      Alch/Erth      25%        N/A       2%          4
 Slow                     Hex            88%        N/A       3%          1
 Cigotuvi's Dreadful Rot  Necr/Alch/Air  54%        N/A       3%          2
 Ensorcelled Hibernation  Hex/Ice        44%        N/A       4%          2
 Call Canine Familiar     Summ           28%        N/A       5%          3
 Swiftness                Air            29%        N/A       5%          3
 Fugue of the Fallen      Necr           22%        N/A       9%          3
 Ozocubu's Armour         Ice            22%        N/A       9%          3
 Sigil of Binding         Hex            22%        N/A       9%          3
 Manifold Assault         Tloc           28%        N/A       19%         4
 Dimensional Bullseye     Hex/Tloc       12%        N/A       24%         4


Dungeon Overview and Level Annotations

Branches:
Dungeon (14/15)            Temple (1/1) D:4            Lair (0/5) D:10
    Orc (0/2) D:12
 Vaults: D:13-14

Altars:
Ashenzari
Cheibriados
Dithmenos
Elyvilon
Fedhas
Gozag
Hepliaklqana
Kikubaaqudgha
Makhleb
Nemelex Xobeh
Okawaru
Qazlal
Ru
Sif Muna
Trog
Uskayaw
Vehumet
Wu Jian
Xom
Yredelemnul
Zin
The Shining One

Shops:
D:8 [(*([

Annotations:
D:10 3 runed translucent doors, jlumianski's ghost, novice GnSh
D:14 Urug


Message History

Found a stone staircase leading down.
The glowing orange brain turns its attention towards you.
The glowing orange brain pulsates.
Something gnaws heavily on your mind!
* * * LOW HITPOINT WARNING * * *
You feel your power leaking away.
A tengu warrior comes into view. It is wielding a +0 great sword.
Casting: Blink (safe; 2% risk of failure)
Confirm with . or Enter, or press ? or * to list all spells.
You don't have enough magic to cast this spell.
Aiming: Iceblast
Press: ? - help, Shift-Dir - straight line, f - glowing orange brain, p - Urug
Aim: a glowing orange brain
Okay, then.
Unknown command.
Unknown command.
Unknown command.
The glowing orange brain pulsates.
The glowing orange brain radiates an aura of fear!
You are terrified of the glowing orange brain!
Unknown command.
You feel ready to blink again.
As you read the scroll of teleportation, it crumbles to dust.
You feel strangely unstable.
The glowing orange brain pulsates.
Something gnaws heavily on your mind!
* * * LOW HITPOINT WARNING * * *
You feel your power leaking away.
Unknown command.
Okay, then.
Unknown command.
Unknown command.
Found a plate armour.
The tengu warrior slips past you!
The tengu warrior hits you with a +0 great sword.
* * * LOW HITPOINT WARNING * * *
The tengu warrior pecks you.
* * * LOW HITPOINT WARNING * * *
The tengu warrior claws you but does no damage.
The two-headed ogre hits you with a +0 dire flail!
You die...

......... .......#.
....... .........#
#......# .......
[.......o. ......##.
.......
.........o......##..
#......
.^.........#...(#...
#......
..........####......
#......
.........#..[.
....... ..>.....QO.#
....$.. ........@.#
.....#. ..........#
....#_# ........G.##
.....#.
.........p.## .
.......
......(.....###..
..##...
....###..o........
B..
##...#(#.........!#
#....###....#.....#
......o...###....


You could see a vault guard, an orc knight, a tengu warrior, a glowing orange
brain (scary), a two-headed ogre and a +5 demon blade.

Vanquished Creatures
  2 boulder beetles
  5 centaur warriors (D:13)
  Erica (D:14)
  4 two-headed ogres
  A tengu warrior (D:12)
  A deep elf knight (D:14)
  3 skeletal warriors (D:12)
  An orc knight (D:12)
  3 cyclopes
  3 manticores
  2 gargoyles
  A cane toad (shapeshifter) (D:13)
  An unseen horror (D:12)
  A tengu conjurer (D:13)
  3 trolls
  Prince Ribbit (D:5)
  A queen bee (D:11)
  2 hornets
  4 shadows
  A meliai zombie (D:13)
  Sigmund (D:5)
  A centaur simulacrum (D:14)
  17 yaks
  2 wraiths
  5 wyverns
  A steam dragon (D:6)
  A redback simulacrum (D:12)
  Menkaure (D:6)
  An acid dragon (D:9)
  Duvessa (D:4)
  A water moccasin (D:9)
  An ice beast (D:6)
  9 orc warriors
  2 sky beasts (D:6)
  3 ogres
  8 centaurs
  3 kobold brigands
  3 bullfrogs
  3 scorpions
  18 wights
  Dowan (D:4)
  36 killer bees
  2 jellies
  3 bombardier beetles
  3 howler monkeys
  6 orc priests
  Crazy Yiuf (D:6)
  Jessica (D:3)
  3 sleepcaps
  A boggart zombie (D:13)
  9 orc wizards
  3 iguanas
  A mummy (D:5)
  7 adders
  A shadow imp (D:8)
  2 white imps (D:6)
  2 ufetubi (D:6)
  A dart slug (D:1)
  2 ribbon worms
  28 orcs
  4 bats
  5 endoplasms
  8 goblins
  5 hobgoblins
  3 jackals (D:4)
  4 quokkas
  7 ball pythons
  5 frilled lizards
  A hobgoblin zombie (D:5)
  22 kobolds
  3 orc zombies (D:5)
303 creatures vanquished.

Vanquished Creatures (collateral kills)
  5 killer bees (D:11)
5 creatures vanquished.

Vanquished Creatures (others)
  A killer bee (D:11)
1 creature vanquished.

Grand Total: 309 creatures vanquished

Notes
Turn   | Place    | Note
-------+----------+-------------------------------------------
     0 | D:1      | pokeman the Deep Elf Hedge Wizard began the quest for the
                  | Orb.
     0 | D:1      | Reached XP level 1. HP: 10/10 MP: 7/7
   293 | D:1      | Reached XP level 2. HP: 15/15 MP: 1/9
  1288 | D:2      | Reached skill level 5 in Spellcasting
  1402 | D:2      | Reached XP level 3. HP: 20/20 MP: 9/11
  1406 | D:2      | Learned a level 3 spell: Mephitic Cloud
  1409 | D:2      | Learned a level 2 spell: Call Imp
  1412 | D:2      | Learned a level 2 spell: Blink
  1582 | D:2      | Reached skill level 1 in Fighting
  1653 | D:2      | Reached skill level 1 in Armour
  2078 | D:2      | Reached XP level 4. HP: 25/25 MP: 11/13
  2427 | D:3      | Noticed Jessica
  2431 | D:3      | Killed Jessica
  2844 | D:4      | Reached skill level 6 in Spellcasting
  2844 | D:4      | Reached XP level 5. HP: 29/29 MP: 12/15
  2879 | D:4      | Noticed Duvessa
  2880 | D:4      | Noticed Dowan
  2905 | D:4      | Killed Duvessa
  2906 | D:4      | Reached skill level 1 in Air Magic
  2906 | D:4      | Reached skill level 1 in Alchemy
  2906 | D:4      | Reached XP level 6. HP: 21/34 MP: 4/17
  2907 | D:4      | Killed Dowan
  2932 | D:4      | Reached skill level 7 in Spellcasting
  3045 | D:4      | Found a staircase to the Ecumenical Temple.
  3051 | Temple   | Entered the Ecumenical Temple
  3068 | Temple   | Became a worshipper of Vehumet
  3133 | D:4      | Found a stormy altar of Qazlal.
  3133 | D:4      | Found a hazy altar of Hepliaklqana.
  3532 | D:5      | Entered Level 5 of the Dungeon
  3699 | D:5      | Learned a level 3 spell: Stone Arrow
  3791 | D:5      | Reached XP level 7. HP: 36/39 MP: 20/20
  3921 | D:5      | Reached * piety under Vehumet
  3921 | D:5      | Offered knowledge of Sting by Vehumet.
  4111 | D:5      | Found a bloodstained altar of Trog.
  4250 | D:5      | Reached skill level 8 in Spellcasting
  4250 | D:5      | Reached skill level 1 in Earth Magic
  4265 | D:5      | Noticed Sigmund
  4268 | D:5      | Killed Sigmund
  4529 | D:5      | Noticed Prince Ribbit
  4535 | D:5      | Killed Prince Ribbit
  4536 | D:5      | Reached skill level 9 in Spellcasting
  4536 | D:5      | Reached skill level 1 in Evocations
  4536 | D:5      | Reached XP level 8. HP: 33/44 MP: 9/23
  4806 | D:6      | Noticed Menkaure
  4810 | D:6      | Killed Menkaure
  4896 | D:6      | Reached skill level 5 in Conjurations
  5045 | D:6      | Reached skill level 10 in Spellcasting
  5441 | D:6      | Offered knowledge of Shock by Vehumet.
  5602 | D:6      | Reached ** piety under Vehumet
  5679 | D:6      | Reached XP level 9. HP: 48/48 MP: 10/25
  5801 | D:6      | Found a runed translucent door.
  5802 | D:6      | Noticed Crazy Yiuf
  5810 | D:6      | Killed Crazy Yiuf
  6518 | D:7      | Reached skill level 11 in Spellcasting
  6717 | D:7      | Found an ornate altar of the Wu Jian Council.
  7077 | D:8      | Found Xauduagg's Armour Shop.
  7161 | D:8      | Reached skill level 5 in Earth Magic
  7360 | D:8      | Reached skill level 12 in Spellcasting
  7361 | D:8      | Reached skill level 1 in Shields
  7552 | D:8      | Found a broken altar of Ashenzari.
  7556 | D:8      | Saw a vision of the Swamp and the Spider Nest.
  7556 | D:8      | Noticed a steelbarb worm
  7556 | D:8      | Noticed a broodmother
  7556 | D:8      | Noticed a spark wasp
  7556 | D:8      | Noticed a wolf spider
  7556 | D:8      | Noticed a wolf spider
  7556 | D:8      | Noticed an entropy weaver
  7556 | D:8      | Noticed a sun moth
  7556 | D:8      | Noticed a demonic crawler
  7556 | D:8      | Noticed a pharaoh ant
  7556 | D:8      | Noticed a bunyip
  7556 | D:8      | Noticed a bloated husk
  7556 | D:8      | Noticed a bloated husk
  7556 | D:8      | Noticed a death drake
  7556 | D:8      | Noticed a bloated husk
  7556 | D:8      | Noticed a six-headed hydra
  7556 | D:8      | Noticed a demonic crawler
  7558 | D:8      | Noticed a tyrant leech
  7712 | D:8      | Found Qustafou's Armour Boutique.
  7883 | D:8      | Found Oghac's Antique Weapon Emporium.
  7956 | D:8      | Found Luzxepp's Assorted Antiques.
  8018 | D:8      | Bought a silvery potion for 26 gold pieces
  8018 | D:8      | Bought a scroll labelled COKIZE ZASIH for 29 gold pieces
  8018 | D:8      | Bought 3 scrolls labelled CYITRI ADIUS for 87 gold pieces
  8078 | D:8      | Reached XP level 10. HP: 56/56 MP: 20/28
  8079 | D:8      | Offered knowledge of Searing Ray by Vehumet.
  8212 | D:8      | Found Nuyde's Antique Weapon Boutique.
  8331 | D:8      | Found a shimmering altar of Xom.
  8372 | D:9      | Reached *** piety under Vehumet
  8501 | D:9      | Reached skill level 13 in Spellcasting
  8959 | D:9      | Noticed a two-headed ogre
  8963 | D:9      | Killed a two-headed ogre
  9403 | D:10     | Entered Level 10 of the Dungeon
  9562 | D:10     | Noticed a gargoyle
  9577 | D:10     | Reached skill level 14 in Spellcasting
  9579 | D:10     | Killed a gargoyle
  9788 | D:10     | Found a runed translucent gate.
  9788 | D:10     | Found a runed translucent gate.
  9789 | D:10     | Found a runed translucent gate.
  9791 | D:10     | Noticed jlumianski's ghost (novice GnSh)
  9791 | D:10     | Noticed a spectral centaur warrior
  9791 | D:10     | Noticed a spectral centaur warrior
  9983 | D:10     | Found a staircase to the Lair.
 10292 | D:10     | Reached XP level 11. HP: 60/60 MP: 22/31
 10501 | D:11     | Offered knowledge of Volatile Blastmotes by Vehumet.
 10541 | D:11     | Noticed a two-headed ogre
 10553 | D:11     | Killed a two-headed ogre
 10705 | D:11     | Noticed a boulder beetle
 10715 | D:11     | Reached skill level 15 in Spellcasting
 10948 | D:11     | Reached **** piety under Vehumet
 11203 | D:11     | Identified the +5 dagger of Eraymuq {antimagic, rElec Dex+2
                  | Stlth-}
 11437 | D:11     | Killed a boulder beetle
 11585 | D:11     | Offered knowledge of Dazzling Flash by Vehumet.
 11699 | D:11     | Noticed a two-headed ogre
 11702 | D:11     | Killed a two-headed ogre
 11702 | D:11     | Noticed a two-headed ogre
 11709 | D:11     | Killed a two-headed ogre
 11925 | D:12     | Found a staircase to the Orcish Mines.
 11941 | D:12     | Noticed a skeletal warrior
 11942 | D:12     | Noticed a skeletal warrior
 12148 | D:12     | Reached skill level 16 in Spellcasting
 12557 | D:12     | Found a sacrificial altar of Ru.
 12581 | D:12     | Noticed a skeletal warrior
 12789 | D:12     | Reached XP level 12. HP: 66/66 MP: 10/34
 13402 | D:12     | Reached skill level 10 in Conjurations
 14100 | D:13     | Learned a level 5 spell: Lee's Rapid Deconstruction
 14107 | D:13     | Learned a level 6 spell: Bombard
 14175 | D:12     | Reached skill level 17 in Spellcasting
 14300 | D:13     | Noticed a tengu warrior
 14311 | D:12     | Killed a tengu warrior
 14322 | D:12     | Reached ***** piety under Vehumet
 14677 | D:13     | Noticed a centaur warrior
 14681 | D:13     | Killed a centaur warrior
 14861 | D:13     | Noticed a centaur warrior
 14870 | D:13     | Killed a centaur warrior
 14870 | D:13     | Offered knowledge of Flame Wave by Vehumet.
 14980 | D:13     | Noticed a boulder beetle
 14985 | D:13     | Killed a boulder beetle
 15302 | D:13     | Noticed a centaur warrior
 15312 | D:13     | Killed a centaur warrior
 15313 | D:13     | Reached skill level 5 in Fighting
 15330 | D:13     | Noticed a centaur warrior
 15341 | D:13     | Killed a centaur warrior
 15357 | D:13     | Reached skill level 10 in Earth Magic
 15719 | D:13     | Found a basalt altar of Yredelemnul.
 15874 | D:14     | Reached skill level 18 in Spellcasting
 15879 | D:14     | Learned a level 4 spell: Flame Wave
 15945 | D:14     | Reached skill level 1 in Fire Magic
 15947 | D:14     | Noticed a two-headed ogre
 15975 | D:13     | Noticed a centaur warrior
 15989 | D:13     | Killed a centaur warrior
 16162 | D:14     | Found an iron altar of Okawaru.
 16166 | D:14     | Noticed a boulder beetle
 16178 | D:14     | Noticed Erica
 16179 | D:14     | Noticed Urug
 16188 | D:14     | Killed Erica
 16209 | D:14     | Reached XP level 13. HP: 54/72 MP: 8/37
 16223 | D:14     | Mangled by a two-headed ogre

Illustrated notes

Levels and vault maps discovered:
D:1:      dpeg_arrival_chambers_temple_mockup, layout_basic, minmay_cut_off
D:2:      layout_loops_corners
D:3:      layout_basic, uniq_jessica
D:4:      layout_gridville, gammafunk_temple_overflow_wave,
          minmay_temple_entry_arrows, uniq_duvessa
D:5:      layout_basic, bloody_trog, minmay_mini_ossuary, uniq_sigmund,
          uniq_prince_ribbit1
D:6:      layout_loops_cross, nrook_mini_vaults, minmay_starry_boxes,
          uniq_menkaure, uniq_crazy_yiuf_cottage
D:7:      layout_loops_corners, nicolae_wu_jian_immortal_techniques
D:8:      layout_basic, mainiacjoe_overflow_alcove_2, grunt_ashenzari_visionary
          [grunt_ashenzari_visionary_swamp, grunt_ashenzari_visionary_spider],
          serial_shops, nicolae_shop_advertising_works
          [nicolae_subvault_shop_adworks], nicolae_diamond_shop,
          nicolae_square_shop, shop_fountains, nicolae_shop_tiny_real_fake_doors
D:9:      layout_irregular_city
D:10:     layout_loops_corners, lair_entry_dummy, gammafunk_ghost_necromancy
D:11:     layout_roguey [special_room_bee], corexii_leaking_fountain
D:12:     layout_roguey [special_room_orc], orc_0_dummy,
          kennysheep_another_room, nicolae_ru_path_of_blood
D:13:     layout_loops_ring, lemuel_zombie_altar_yredelemnul
D:14:     layout_cave_pools, hellmonk_vaults_order_and_chaos,
          trove_entry_hex_spiral, portal_ice_cave_entry_pillars_1,
          okawaru_metal_pillars_1_2, sword_in_stone
Temple:   nicolae_temple_elliptical

Skill      XL: |  1  2  3  4  5  6  7  8  9 10 11 12 |
---------------+-------------------------------------+-----
Spellcasting   | 5 6 7 9 10 12 14 16 18 | 18.3
Fighting       | 1 2 3 5 |  5.0
Armour         | 1 3 4 |  4.7
Conjurations   | 2 3 4 5 7 8 9 11 | 11.0
Stealth        | 3 |  3.2
Dodging        | 3 |  3.0
Air Magic      | 1 |  1.2
Alchemy        | 1 |  1.3
Earth Magic    | 2 4 5 7 8 10 | 10.0
Evocations     | 1 |  1.1
Shields        | 2 3 4 |  4.0
Fire Magic     | 2 |  2.0
Summonings     | |  1.1
Translocations | |  1.1

Action                     |  1- 3 |  4- 6 |  7- 9 | 10-12 | 13-15 || total
---------------------------+-------+-------+-------+-------+-------++-------
  Melee: Dagger            |     3 |       |       |       |       ||     3
         Short sword       |       |       |       |    21 |     2 ||    23
         Sling             |       |       |       |     1 |       ||     1
   Fire: Sling             |    28 |   100 |    69 |    53 |       ||   250
   Cast: Magic Dart        |    57 |    21 |    20 |    49 |       ||   147
         Mephitic Cloud    |       |     7 |     9 |    43 |     1 ||    60
         Blink             |       |     1 |       |     5 |     1 ||     7
         Stone Arrow       |       |       |   112 |   244 |     1 ||   357
         Bombard           |       |       |       |    36 |       ||    36
         Call Imp          |       |       |       |     2 |       ||     2
         Lee's Rapid Decon |       |       |       |     2 |       ||     2
  Evoke: Wand              |       |       |       |    11 |       ||    11
    Use: Scroll            |       |       |       |     7 |     1 ||     8
   Stab: Confused          |       |       |       |     1 |       ||     1
 Armour: Robe              |     5 |    22 |    34 |     8 |       ||    69
         Acid dragon scale |       |       |       |    98 |     5 ||   103
  Dodge: Dodged            |    12 |    24 |    37 |    96 |     1 ||   170

Table legend: (Time is in decaauts)
 A = Elapsed time spent in this place.
 B = Non-inter-level travel time spent in this place.
 C = Inter-level travel time spent in this place.
 D = Time resting spent in this place.
 E = Time spent auto-exploring this place.
 F = Levels seen in this place.
 G = Mean time per level.
                   A        B        C        D        E       F      G
               +--------+--------+--------+--------+--------+-----+--------+
         Total |  16325 |  15470 |    855 |    958 |  12390 |  15 | 1088.3 |
       Dungeon |  16293 |  15451 |    842 |    958 |  12390 |  14 | 1163.8 |
        Temple |     31 |     18 |     13 |      0 |      0 |   1 |   31.0 |
               +--------+--------+--------+--------+--------+-----+--------+

Top non-repeatable levels by time:
    D:12: 2314 daAuts
    D:11: 1715 daAuts
    D:13: 1557 daAuts
     D:8: 1290 daAuts
     D:6: 1237 daAuts
     D:5: 1228 daAuts
     D:1: 1220 daAuts
     D:9: 1189 daAuts
     D:7: 1107 daAuts
     D:2: 1062 daAuts
    D:10: 950 daAuts
     D:4: 743 daAuts
     D:3: 513 daAuts
    D:14: 163 daAuts
  Temple: 31 daAuts
